| TOP OF THE 1ST |
|
Atlanta (MID) Braves batting - Pitching for Fort Wayne TinCaps : LHP David Rodriguez
|
|
Pitching: LHP David Rodriguez
|
|
|
Batting: RHB Zheng-ze King
|
0-0: Called Strike 0-1: Ball 1-1: Foul Ball, location: 2F 1-2: Ball 2-2: Ground out 5-3 (Groundball, 56S, EV 70.0 MPH)
|
|
Batting: RHB Toki Takeuchi
|
0-0: Called Strike 0-1: Ball 1-1: Ball 2-1: SINGLE (Groundball, 5L, EV 104.4 MPH)
|
|
Batting: SHB Richello Badua
|
0-0: Ball Toki Takeuchi steals 2nd base (no throw) 1-0: Ball 2-0: Called Strike 2-1: Called Strike Toki Takeuchi steals 3rd base 2-2: SINGLE (Groundball, 56D, EV 100.0 MPH) Toki Takeuchi scores
|
|
Batting: RHB Josh McCormick
|
0-0: Ball 1-0: Called Strike 1-1: Ball 2-1: Called Strike 2-2: Foul Ball, location: 2F 2-2: Ball 3-2: Foul Ball, location: 2F 3-2: Strikes out swinging
|
|
Batting: LHB Oke Monti
|
0-0: Ground out 6-3 (Groundball, 4S, EV 81.2 MPH)
|
| Top of the 1st over - 1 run, 2 hits, 0 errors, 1 left on base; Atlanta (MID) 1 - Fort Wayne 0 |
| BOTTOM OF THE 1ST |
|
Fort Wayne TinCaps batting - Pitching for Atlanta (MID) Braves : RHP Iestyn Nicholls
|
|
Pitching: RHP Iestyn Nicholls
|
|
|
Batting: SHB Detlef Oursler
|
0-0: Ball 1-0: Foul Ball, location: 2F 1-1: Swinging Strike 1-2: Ball 2-2: Foul Ball, location: 2F 2-2: Strikes out swinging
|
|
Batting: LHB Tony Contreras
|
0-0: Called Strike 0-1: Foul Ball, location: 2F 0-2: Ball 1-2: Foul Ball, location: 2F 1-2: Foul Ball, location: 2F 1-2: Foul Ball, location: 2F 1-2: Ball 2-2: Foul Ball, location: 2F 2-2: Foul Ball, location: 2F 2-2: Foul Ball, location: 2F 2-2: Foul Ball, location: 2F 2-2: Strikes out swinging
|
|
Batting: RHB Dave Cordero
|
0-0: Ball 1-0: Foul Ball, location: 2F 1-1: Swinging Strike 1-2: Strikes out swinging, 2-3 out at first.
|
| Bottom of the 1st over - 0 runs, 0 hits, 0 errors, 0 left on base; Atlanta (MID) 1 - Fort Wayne 0 |
| TOP OF THE 2ND |
|
Atlanta (MID) Braves batting - Pitching for Fort Wayne TinCaps : LHP David Rodriguez
|
|
Batting: RHB Nick Holsinger
|
0-0: Ball 1-0: Called Strike 1-1: Ball 2-1: Ground out 6-3 (Groundball, 6, EV 82.5 MPH)
|
|
Batting: LHB Ryan Murdock
|
0-0: Fly out, F7 (Flyball, 7S, EV 91.2 MPH)
|
|
Batting: RHB Phil Holman
|
0-0: Fly out, F7 (Flyball, 7LM, EV 85.6 MPH)
|
| Top of the 2nd over - 0 runs, 0 hits, 0 errors, 0 left on base; Atlanta (MID) 1 - Fort Wayne 0 |
| BOTTOM OF THE 2ND |
|
Fort Wayne TinCaps batting - Pitching for Atlanta (MID) Braves : RHP Iestyn Nicholls
|
|
Batting: LHB Sean Trueblood
|
0-0: Called Strike 0-1: Ground out 4-3 (Groundball, 4, EV 101.9 MPH)
|
|
Batting: LHB Javy Portela
|
0-0: Called Strike 0-1: Swinging Strike 0-2: Ball 1-2: Strikes out looking
|
|
Batting: RHB Adrian Cook
|
0-0: Ball 1-0: Foul Ball, location: 2F 1-1: Foul Ball, location: 2F 1-2: Ball 2-2: Ball 3-2: Strikes out swinging
|
| Bottom of the 2nd over - 0 runs, 0 hits, 0 errors, 0 left on base; Atlanta (MID) 1 - Fort Wayne 0 |
| TOP OF THE 3RD |
|
Atlanta (MID) Braves batting - Pitching for Fort Wayne TinCaps : LHP David Rodriguez
|
|
Batting: LHB Joe Phillips
|
0-0: Ball 1-0: Called Strike 1-1: Called Strike 1-2: Foul Ball, location: 2F 1-2: Ball 2-2: Ground out 6-3 (Groundball, 6, EV 96.9 MPH)
|
|
Batting: RHB Zheng-ze King
|
0-0: Ball 1-0: Ball 2-0: Ball 3-0: Base on Balls
|
|
Batting: RHB Toki Takeuchi
|
0-0: Ball Zheng-ze King steals 2nd base 1-0: Called Strike 1-1: Swinging Strike 1-2: Ball 2-2: Ground out 6-3 (Groundball, 6, EV 103.1 MPH)
|
|
Batting: SHB Richello Badua
|
0-0: Ball 1-0: Ground out 1-3 (Groundball, 13S, EV 77.5 MPH)
|
| Top of the 3rd over - 0 runs, 0 hits, 0 errors, 1 left on base; Atlanta (MID) 1 - Fort Wayne 0 |
| BOTTOM OF THE 3RD |
|
Fort Wayne TinCaps batting - Pitching for Atlanta (MID) Braves : RHP Iestyn Nicholls
|
|
Batting: RHB Brian Klinkner
|
0-0: Ball 1-0: Ball 2-0: Swinging Strike 2-1: Ball 3-1: Foul Ball, location: 2F 3-2: Ground out 1-3 (Groundball, P, EV 66.2 MPH)
|
|
Batting: RHB Marcus Dawson
|
0-0: Ball 1-0: Ball 2-0: Ball 3-0: Base on Balls
|
|
Batting: RHB Ricky Trejo
|
0-0: Ball 1-0: Grounds into double play, 5-4-3 (Groundball, 56, EV 89.4 MPH)
|
| Bottom of the 3rd over - 0 runs, 0 hits, 0 errors, 0 left on base; Atlanta (MID) 1 - Fort Wayne 0 |
| TOP OF THE 4TH |
|
Atlanta (MID) Braves batting - Pitching for Fort Wayne TinCaps : LHP David Rodriguez
|
|
Batting: RHB Josh McCormick
|
0-0: Called Strike 0-1: Ball 1-1: Ground out 5-3 (Groundball, 56S, EV 78.8 MPH)
|
|
Batting: LHB Oke Monti
|
0-0: Fly out, F9 (Line Drive, 9LS, EV 99.4 MPH)
|
|
Batting: RHB Nick Holsinger
|
0-0: Called Strike 0-1: Foul Ball, location: 2F 0-2: Ball 1-2: SINGLE (Groundball, 15S, EV 64.4 MPH) (infield hit)
|
|
Batting: LHB Ryan Murdock
|
0-0: Fielders Choice at 2nd, 5-4 (Groundball, 56, EV 100.0 MPH)
|
| Top of the 4th over - 0 runs, 1 hit, 0 errors, 1 left on base; Atlanta (MID) 1 - Fort Wayne 0 |
| BOTTOM OF THE 4TH |
|
Fort Wayne TinCaps batting - Pitching for Atlanta (MID) Braves : RHP Iestyn Nicholls
|
|
Batting: SHB Detlef Oursler
|
0-0: Ball 1-0: Called Strike 1-1: Ball 2-1: Ball 3-1: Base on Balls
|
|
Batting: LHB Tony Contreras
|
0-0: Called Strike Detlef Oursler steals 2nd base 0-1: Called Strike 0-2: Fly out, F6 (Popup, 6S, EV 67.5 MPH)
|
|
Batting: RHB Dave Cordero
|
0-0: Ball 1-0: Ball 2-0: Swinging Strike 2-1: Foul Ball, location: 2F 2-2: Ground out 6-3 (Groundball, 6, EV 90.0 MPH) Detlef Oursler to third
|
|
Batting: LHB Sean Trueblood
|
0-0: Ball 1-0: Foul Ball, location: 2F 1-1: Ball 2-1: Foul Ball, location: 2F 2-2: Foul Ball, location: 2F 2-2: Ground out U3 (Groundball, 3, EV 107.5 MPH)
|
| Bottom of the 4th over - 0 runs, 0 hits, 0 errors, 1 left on base; Atlanta (MID) 1 - Fort Wayne 0 |
| TOP OF THE 5TH |
|
Atlanta (MID) Braves batting - Pitching for Fort Wayne TinCaps : LHP David Rodriguez
|
|
Batting: RHB Phil Holman
|
0-0: Ball 1-0: Foul Ball, location: 2F 1-1: Ball 2-1: Foul Ball, location: 2F 2-2: Foul Ball, location: 2F 2-2: Strikes out swinging
|
|
Batting: LHB Joe Phillips
|
0-0: Ground out 1-3 (Groundball, 13S, EV 68.1 MPH)
|
|
Batting: RHB Zheng-ze King
|
0-0: Called Strike 0-1: Called Strike 0-2: Strikes out swinging
|
| Top of the 5th over - 0 runs, 0 hits, 0 errors, 0 left on base; Atlanta (MID) 1 - Fort Wayne 0 |
| BOTTOM OF THE 5TH |
|
Fort Wayne TinCaps batting - Pitching for Atlanta (MID) Braves : RHP Iestyn Nicholls
|
|
Batting: LHB Javy Portela
|
0-0: SINGLE (Groundball, 34S, EV 63.8 MPH) (infield hit)
|
|
Batting: RHB Adrian Cook
|
0-0: Ball 1-0: Called Strike 1-1: Fielders Choice at 2nd, 5-4 (Groundball, 5, EV 89.4 MPH)
|
|
Batting: RHB Brian Klinkner
|
0-0: Called Strike 0-1: Ball 1-1: Grounds into double play, 3-6-1 (Groundball, 3S, EV 80.0 MPH)
|
| Bottom of the 5th over - 0 runs, 1 hit, 0 errors, 0 left on base; Atlanta (MID) 1 - Fort Wayne 0 |
| TOP OF THE 6TH |
|
Atlanta (MID) Braves batting - Pitching for Fort Wayne TinCaps : LHP David Rodriguez
|
|
Batting: RHB Toki Takeuchi
|
0-0: Called Strike 0-1: Ground out 1-3 (Groundball, 15S, EV 73.1 MPH)
|
|
Batting: SHB Richello Badua
|
0-0: SINGLE (Groundball, 56S, EV 68.8 MPH) (infield hit)
|
|
Batting: RHB Josh McCormick
|
0-0: Ball 1-0: Foul Ball, location: 2F 1-1: Ball 2-1: Reached on error, E5 (Groundball, 5L, EV 84.4 MPH) Richello Badua to second
|
|
Batting: LHB Oke Monti
|
0-0: SINGLE (Line Drive, 4MD, EV 99.4 MPH) Richello Badua to third Josh McCormick to second
|
|
Batting: RHB Nick Holsinger
|
0-0: SINGLE (Flyball, 34D, EV 94.4 MPH) Richello Badua scores Josh McCormick to third Oke Monti to second
|
|
Batting: LHB Ryan Murdock
|
0-0: Grounds into double play, 6-2-3 (Groundball, 6, EV 81.2 MPH)
|
| Top of the 6th over - 1 run, 3 hits, 1 error, 2 left on base; Atlanta (MID) 2 - Fort Wayne 0 |
| BOTTOM OF THE 6TH |
|
Fort Wayne TinCaps batting - Pitching for Atlanta (MID) Braves : RHP Iestyn Nicholls
|
|
Batting: RHB Marcus Dawson
|
0-0: Foul Ball, location: 2F 0-1: Called Strike 0-2: Ball 1-2: Ball 2-2: Ball 3-2: Foul Ball, location: 2F 3-2: Ground out 5-3 (Groundball, 56S, EV 80.6 MPH)
|
|
Batting: RHB Ricky Trejo
|
0-0: Swinging Strike 0-1: Foul Ball, location: 2F 0-2: Strikes out swinging
|
|
Batting: SHB Detlef Oursler
|
0-0: Ball 1-0: Ball 2-0: Ball 3-0: Base on Balls
|
|
Batting: LHB Tony Contreras
|
0-0: Called Strike Detlef Oursler steals 2nd base (no throw) 0-1: Called Strike 0-2: Ball 1-2: Ball 2-2: Ground out 4-3 (Groundball, 4, EV 102.5 MPH)
|
| Bottom of the 6th over - 0 runs, 0 hits, 0 errors, 1 left on base; Atlanta (MID) 2 - Fort Wayne 0 |
| TOP OF THE 7TH |
|
Atlanta (MID) Braves batting - Pitching for Fort Wayne TinCaps : LHP David Rodriguez
|
|
Batting: RHB Phil Holman
|
0-0: Foul Ball, location: 2F 0-1: Ball 1-1: Ball 2-1: Ball 3-1: Base on Balls
|
|
Batting: LHB Joe Phillips
|
0-0: Bunted foul 0-1: Bunted foul 0-2: Ball 1-2: SINGLE (Groundball, 56S, EV 95.0 MPH) Phil Holman to second
|
|
Batting: RHB Zheng-ze King
|
0-0: Sac Bunt to 13 - play at first, batter OUT! 1-3 Phil Holman to third Joe Phillips to second
|
|
Batting: RHB Toki Takeuchi
|
0-0: Foul Ball, location: 2F 0-1: Called Strike 0-2: Foul Ball, location: 2F 0-2: Ground out 4-3 (Groundball, 6M, EV 99.4 MPH) Phil Holman scores Joe Phillips to third
|
|
Batting: SHB Richello Badua
|
0-0: Ball 1-0: Foul Ball, location: 2F 1-1: Foul Ball, location: 2F 1-2: Ball 2-2: Foul Ball, location: 2F 2-2: DOUBLE (Line Drive, 89M, EV 110.6 MPH) Joe Phillips scores
|
|
Pitching: RHP Phil Holmes
|
|
|
Batting: RHB Josh McCormick
|
0-0: Swinging Strike 0-1: Ball 1-1: Foul Ball, location: 2F 1-2: Fly out, F8 (Flyball, 78D, EV 106.9 MPH)
|
| Top of the 7th over - 2 runs, 2 hits, 0 errors, 1 left on base; Atlanta (MID) 4 - Fort Wayne 0 |
| BOTTOM OF THE 7TH |
|
Fort Wayne TinCaps batting - Pitching for Atlanta (MID) Braves : RHP Iestyn Nicholls
|
|
Batting: RHB Dave Cordero
|
0-0: Foul Ball, location: 2F 0-1: Ball 1-1: Ball 2-1: Ball 3-1: Foul Ball, location: 2F 3-2: SINGLE (Groundball, 6MD, EV 96.9 MPH)
|
|
Pitching: RHP Justin Collins
|
|
|
Batting: LHB Sean Trueblood
|
0-0: Ball 1-0: SINGLE (Groundball, 6MS, EV 68.1 MPH) (infield hit) Dave Cordero to second
|
|
Batting: LHB Javy Portela
|
0-0: Foul Ball, location: 2F 0-1: Ball 1-1: Foul Ball, location: 2F 1-2: Fly out, F9 (Flyball, 9D, EV 96.2 MPH) Runner from 2nd tags up, SAFE at 3rd, no throw by RF
|
|
Pinch Hitting: LHB Justin Alworth
|
0-0: Ball 1-0: Ball 2-0: Ball 3-0: Called Strike 3-1: Base on Balls Sean Trueblood to second
|
|
Batting: RHB Brian Klinkner
|
0-0: Called Strike 0-1: Grounds into double play, 4-6-3 (Groundball, 4, EV 80.0 MPH)
|
| Bottom of the 7th over - 0 runs, 2 hits, 0 errors, 2 left on base; Atlanta (MID) 4 - Fort Wayne 0 |
| TOP OF THE 8TH |
|
Atlanta (MID) Braves batting - Pitching for Fort Wayne TinCaps : RHP Phil Holmes
|
|
Now in LF: Justin Alworth
|
|
|
Batting: LHB Oke Monti
|
0-0: Ball 1-0: Called Strike 1-1: Called Strike 1-2: Ball 2-2: Strikes out looking
|
|
Batting: RHB Nick Holsinger
|
0-0: Called Strike 0-1: Called Strike 0-2: Foul Ball, location: 2F 0-2: Ball 1-2: Strikes out looking
|
|
Batting: LHB Ryan Murdock
|
0-0: Fly out, F8 (Line Drive, 8LD, EV 101.9 MPH)
|
| Top of the 8th over - 0 runs, 0 hits, 0 errors, 0 left on base; Atlanta (MID) 4 - Fort Wayne 0 |
| BOTTOM OF THE 8TH |
|
Fort Wayne TinCaps batting - Pitching for Atlanta (MID) Braves : RHP Justin Collins
|
|
Batting: RHB Marcus Dawson
|
0-0: Fly out, F8 (Line Drive, 8LM, EV 91.2 MPH)
|
|
Pinch Hitting: SHB Cesar Arteaga
|
0-0: Ball 1-0: Foul Ball, location: 2F 1-1: Called Strike 1-2: Strikes out swinging
|
|
Batting: SHB Detlef Oursler
|
0-0: Foul Ball, location: 2F 0-1: Fly out, F7 (Line Drive, 78M, EV 85.0 MPH)
|
| Bottom of the 8th over - 0 runs, 0 hits, 0 errors, 0 left on base; Atlanta (MID) 4 - Fort Wayne 0 |
| TOP OF THE 9TH |
|
Atlanta (MID) Braves batting - Pitching for Fort Wayne TinCaps : RHP Phil Holmes
|
|
Pitching: RHP Mike Swenson
|
|
|
Now at 2B: Cesar Arteaga
|
|
|
Now at 3B: Dave Cordero
|
|
|
Batting: RHB Phil Holman
|
0-0: Called Strike 0-1: Ball 1-1: Swinging Strike 1-2: Strikes out looking
|
|
Batting: LHB Joe Phillips
|
0-0: Called Strike 0-1: Called Strike 0-2: Ball 1-2: Reached on error, E6 (Groundball, 6, EV 90.6 MPH)
|
|
Batting: RHB Zheng-ze King
|
0-0: Called Strike 0-1: Ball 1-1: Foul Ball, location: 2F 1-2: Foul Ball, location: 2F 1-2: Foul Ball, location: 2F 1-2: Ball 2-2: Strikes out swinging
|
|
Batting: RHB Toki Takeuchi
|
0-0: Called Strike 0-1: Ball 1-1: Foul Ball, location: 2F 1-2: Fielders Choice at 2nd, U4 (Groundball, 4M, EV 111.9 MPH)
|
| Top of the 9th over - 0 runs, 0 hits, 1 error, 1 left on base; Atlanta (MID) 4 - Fort Wayne 0 |
| BOTTOM OF THE 9TH |
|
Fort Wayne TinCaps batting - Pitching for Atlanta (MID) Braves : RHP Justin Collins
|
|
Pitching: LHP Justin Hawk
|
|
|
Batting: LHB Tony Contreras
|
0-0: Ball 1-0: Called Strike 1-1: Swinging Strike 1-2: Ball 2-2: Foul Ball, location: 2F 2-2: Foul Ball, location: 2F 2-2: Ground out 4-3 (Groundball, 4M, EV 81.9 MPH)
|
|
Batting: RHB Dave Cordero
|
0-0: Called Strike 0-1: Ball 1-1: Foul Ball, location: 2F 1-2: Ball 2-2: Strikes out swinging
|
|
Batting: LHB Sean Trueblood
|
0-0: Ball 1-0: Ball 2-0: Called Strike 2-1: Swinging Strike 2-2: Foul Ball, location: 2F 2-2: Strikes out swinging
|
| Bottom of the 9th over - 0 runs, 0 hits, 0 errors, 0 left on base; Atlanta (MID) 4 - Fort Wayne 0 |
|